 Dungeon Crawl Stone Soup version 0.22-a0-113-gdd6f4a9 (webtiles) character file.

2187 wvc the Basher (level 9, -3/51 HPs)
             Began as a Gargoyle Fighter on Jan 28, 2018.
             Was an Elder of Cheibriados.
             Slain by a phantom (7 damage)
             ... on level 7 of the Dungeon.
             The game lasted 00:11:32 (5829 turns).

wvc the Basher (Gargoyle Fighter)                   Turns: 5829, Time: 00:11:33

Health: -3/51      AC: 18    Str: 29    XL:     9   Next: 33%
Magic:  9/9        EV:  8    Int: 22    God:    Cheibriados [****..]
Gold:   23         SH: 11    Dex: 20    Spells: 6/8 levels left

rFire    . . .     SeeInvis .   a - +1 flail
rCold    + . .     Gourm    .   c - +0 shield
rNeg     + . .     Faith    .   E - +0 ring mail (curse)
rPois    ∞         Spirit   .   t - +0 helmet
rElec    +         Reflect  .   (no cloak)
rCorr    .         Harm     .   s - +1 pair of gloves
MR       .....                  (no boots)
Stlth    +.........             x - amulet of regeneration
HPRegen  0.57/turn              b - +3 ring of protection
MPRegen  0.11/turn              i - ring of protection from cold

@: very slow
A: negative energy resistance 1, electricity resistance, unbreathing,
petrification resistance, rot immunity, AC +6
a: Bend Time, Temporal Distortion, Slouch, Renounce Religion


You were on level 7 of the Dungeon.
You worshipped Cheibriados.
Cheibriados was greatly pleased with you.
You were not hungry.

You visited 1 branch of the dungeon, and saw 7 of its levels.

You collected 471 gold pieces.
You spent 448 gold pieces at shops.

Inventory:

Hand Weapons
 a - a +1 flail (weapon)
 m - a +0 great mace
 n - a +0 trident of venom
 q - a +1 antimagic whip
 z - a +0 blowgun
Missiles
 k - 7 poisoned needles
 B - a throwing net (quivered)
Armour
 c - a +0 shield (worn)
 s - a +1 pair of gloves (worn)
 t - a +0 helmet (worn)
 E - a cursed +0 ring mail (worn)
Jewellery
 b - a +3 ring of protection (left hand)
 i - a ring of protection from cold (right hand)
 x - an amulet of regeneration (around neck)
 A - an uncursed ring of wizardry
Wands
 w - a wand of acid (10)
 y - a wand of iceblast (4)
 D - a wand of paralysis (12)
Scrolls
 h - 2 scrolls of magic mapping
 j - 3 scrolls of remove curse
 l - 3 scrolls of teleportation
 C - 3 scrolls of identify
Potions
 d - 3 potions of might
 e - a potion of curing
 p - a potion of resistance
 r - 2 potions of brilliance
 u - 6 potions of heal wounds
 v - 3 potions of invisibility
 G - a potion of agility
Books
 g - a book of Misfortune

   Spells                             Type                      Level
   a - Confusing Touch                Hexes                        1
   b - Confuse                        Hexes                        3
   c - Gell's Gravitas                Translocation                3
   d - Petrify                        Transmutation/Earth          4
   e - Metabolic Englaciation         Hexes/Ice                    5
   f - Yara's Violent Unravelling     Hexes/Transmutation          5
 o - a book of Minor Magic

   Spells                             Type                      Level
   a - Magic Dart                     Conjuration                  1
   b - Blink                          Translocation                2
   c - Call Imp                       Summoning                    2
   d - Slow                           Hexes                        2
   e - Conjure Flame                  Conjuration/Fire             3
   f - Mephitic Cloud                 Conjuration/Poison/Air       3
 F - a book of Callings

   Spells                             Type                      Level
   a - Summon Small Mammal            Summoning                    1
   b - Call Imp                       Summoning                    2
   c - Call Canine Familiar           Summoning                    3
   d - Summon Guardian Golem          Hexes/Summoning              3
   e - Summon Lightning Spire         Summoning/Air                4
   f - Summon Ice Beast               Ice/Summoning                4
Comestibles
 f - 14 rations


   Skills:
 - Level 3.2 Fighting
 + Level 12.0 Maces & Flails
 - Level 3.2 Armour
 - Level 3.2 Shields


You had 6 spell levels left.
You knew the following spells:

 Your Spells              Type           Power        Failure   Level  Hunger
a - Blink                 Tloc           N/A          86%         2    ###....


Dungeon Overview and Level Annotations

Branches:
Dungeon (7/15)
 Temple: D:4-7

Altars:
Cheibriados
Okawaru
Qazlal
Ru
Yredelemnul

Shops:
D:6 !


Innate Abilities, Weirdness & Mutations

You are resistant to torment.
Your stone body is resilient. (AC +6)
You are immune to poison.
You resist negative energy. (rN+)
You are resistant to electric shocks. (rElec)
You can survive without breathing.
You are immune to petrification.
You are immune to rotting.


Message History

The orc priest invokes the aid of Beogh against you.
Beogh smites you!
* * * LOW HITPOINT WARNING * * *
You are too injured to fight recklessly!
You are too injured to fight recklessly!
You are too injured to fight recklessly!
You are too injured to fight recklessly!
You hit the orc priest but do no damage.
The orc priest mumbles some strange prayers to Beogh against you.
Beogh smites you!
* * * LOW HITPOINT WARNING * * *
You sock the orc priest!
You kill the orc priest!
Cheibriados thoroughly appreciates the change of pace.
Your Maces & Flails skill increases to level 12!
Items here: $ )) ? [[[ ††† You thump the phantom!
The phantom is moderately damaged.
The phantom hits you!
You die...

#†####..#......#
#<# #..#......#
.....
######......####
.....
.......####.#
...... ########
#.# ...... # #.###
#...... # #..(#
.......
######(###W....).
.......).(@)......
##.########......(
....... .......
#...... ......
...... ......


You could see a phantom.

Vanquished Creatures
  The ghost of ThereIsNoGod the Insei, a novice OpTm of Cheibriados (D:5)
  A spriggan (D:7)
  A sky beast (D:5)
  4 centaurs
  4 bullfrogs (D:6)
  2 crimson imps
  A howler monkey (D:6)
  A jelly (D:5)
  A quasit (D:6)
  3 hounds
  9 orc priests
  4 orc wizards
  A bullfrog skeleton (D:4)
  3 worker ants
  2 killer bee zombies
  13 gnolls
  8 adders
  3 oozes
  An adder skeleton (D:5)
  5 worms
  2 dart slugs
  5 leopard geckos
  23 orcs
  7 bats
  4 giant cockroaches
  7 goblins
  8 hobgoblins
  4 jackals
  A ball python skeleton (D:4)
  3 frilled lizards
  A jackal zombie (D:5)
  5 kobolds (D:2)
  2 leopard gecko zombies (D:5)
  A quokka skeleton (D:4)
  14 rats
  A spectral orc (D:6)
156 creatures vanquished.

Notes
Turn   | Place    | Note
-------+----------+-------------------------------------------
     0 | D:1      | wvc the Gargoyle Fighter began the quest for the Orb.
     0 | D:1      | Reached XP level 1. HP: 14/14 MP: 1/1
   122 | D:1      | Reached XP level 2. HP: 19/19 MP: 2/2
   138 | D:1      | You fall through a shaft!
   147 | D:2      | Reached skill level 3 in Maces & Flails
   149 | D:2      | Reached XP level 3. HP: 20/23 MP: 3/3
   466 | D:2      | Reached skill level 4 in Maces & Flails
   577 | D:2      | Reached XP level 4. HP: 27/28 MP: 4/4
   598 | D:2      | Found a snail-covered altar of Cheibriados.
   625 | D:2      | Became a worshipper of Cheibriados the Contemplative
  1343 | D:1      | Reached skill level 5 in Maces & Flails
  1343 | D:1      | Reached XP level 5. HP: 32/32 MP: 5/5
  1660 | D:3      | Reached * piety under Cheibriados
  1940 | D:3      | Reached skill level 6 in Maces & Flails
  1940 | D:3      | Reached XP level 6. HP: 26/37 MP: 6/6
  2192 | D:3      | Reached skill level 7 in Maces & Flails
  2214 | D:3      | Reached ** piety under Cheibriados
  2387 | D:3      | Learned a level 2 spell: Blink
  2406 | D:3      | Found a sacrificial altar of Ru.
  2697 | D:3      | Found an iron altar of Okawaru.
  2795 | D:4      | Reached XP level 7. HP: 41/41 MP: 7/7
  3328 | D:4      | Found a stormy altar of Qazlal.
  3553 | D:4      | Got a transparent spear
  3554 | D:4      | Identified the cursed +0 spear of Fortitude {pierce, *Drain rElec Dex+3 Stlth+} (You found it on level 4 of the Dungeon)
  3632 | D:5      | Entered Level 5 of the Dungeon
  3772 | D:5      | Reached skill level 8 in Maces & Flails
  3853 | D:5      | Noticed ThereIsNoGod's ghost (novice OpTm)
  3871 | D:5      | Killed ThereIsNoGod's ghost
  3871 | D:5      | Reached skill level 9 in Maces & Flails
  3871 | D:5      | Reached XP level 8. HP: 41/46 MP: 8/8
  4048 | D:5      | Reached *** piety under Cheibriados
  4806 | D:6      | Found a basalt altar of Yredelemnul.
  4874 | D:6      | Reached skill level 10 in Maces & Flails
  5113 | D:6      | Reached skill level 11 in Maces & Flails
  5196 | D:6      | Reached XP level 9. HP: 51/51 MP: 9/9
  5270 | D:6      | Reached **** piety under Cheibriados
  5678 | D:6      | Found Yssipoogoa's Distillery.
  5682 | D:6      | Bought a potion of heal wounds for 70 gold pieces
  5682 | D:6      | Bought a potion of heal wounds for 70 gold pieces
  5682 | D:6      | Bought a potion of agility for 56 gold pieces
  5682 | D:6      | Bought a potion of might for 56 gold pieces
  5682 | D:6      | Bought a potion of might for 56 gold pieces
  5682 | D:6      | Bought 2 potions of heal wounds for 140 gold pieces
  5826 | D:7      | HP: 2/51 [orc priest/divine providence (14)]
  5827 | D:7      | Reached skill level 12 in Maces & Flails
  5829 | D:7      | Slain by a phantom

Vault maps used:
D:1:      onia_arrival_handbag, serial_bayou, serial_bayou_shore_b,
          serial_bayou_lake_a, serial_bayou_crossing, serial_bayou_shore_b,
          serial_bayou_ford_a
D:2:      kennysheep_big_flooded_room, nicolae_overflow_crystal_walls,
          grunt_ministairs_2
D:3:      nicolae_overflow_hidden_temple, cheibrodos_sewer_entry_drain,
          serial_glass, glass_columns_a, glass_columns_c,
          kennysheep_okawaru_gauntlet
D:4:      lemuel_crystal_altar, kennysheep_generic_room_13
D:5:      first_ration
D:6:      lemuel_upstairs_altar, yredelemnul_forgotten_temple_becter,
          serial_shops, shop
D:7:      grunt_temple_overflow_open, lemuel_crystal_altar,
          minmay_temple_entry_overgrown, the_bakery, minmay_misc_feat_pillars

Skill      XL: |  1  2  3  4  5  6  7  8  9 |
---------------+----------------------------+-----
Maces & Flails | 3 4 5 6 7 9 11 12 | 12.0
Fighting       | |  3.2
Armour         | |  3.2
Shields        | |  3.2

Action                   |  1- 3 |  4- 6 |  7- 9 || total
-------------------------+-------+-------+-------++-------
Melee: Flail             |    83 |   209 |   330 ||   622
  Use: Scroll            |       |     9 |     5 ||    14
       Potion            |       |     2 |       ||     2
 Stab: Distracted        |       |       |     1 ||     1
       Sleeping          |       |       |     1 ||     1
  Eat: Ration            |       |     1 |     1 ||     2
       Chunk             |       |     2 |     4 ||     6
Armor: Scale mail        |    30 |       |       ||    30
       Ring mail         |     9 |   129 |   187 ||   325
Dodge: Dodged            |    18 |   109 |   111 ||   238
Block: Shield            |    51 |   157 |   190 ||   398

Table legend:
 A = Spawn XP
 B = Non-spawn XP
 C = Spawn XP percentage of total XP
 D = Spawn monster count
 E = Non-spawn monster count
 F = Spawn count percentage of total count
 G = Total turns spent on level
                    A         B        C        D         E        F      G
               +---------+---------+-------+---------+---------+-------+---------
         Total |       0 |    3125 |   0.0 |       0 |     156 |   0.0 |  5829
               +---------+---------+-------+---------+---------+-------+---------
           D:1 |       0 |      38 |   0.0 |       0 |      22 |   0.0 |   715
           D:2 |       0 |     178 |   0.0 |       0 |      30 |   0.0 |  1148
           D:3 |       0 |     379 |   0.0 |       0 |      33 |   0.0 |   858
           D:4 |       0 |     135 |   0.0 |       0 |      11 |   0.0 |   911
           D:5 |       0 |     785 |   0.0 |       0 |      22 |   0.0 |  1172
           D:6 |       0 |    1139 |   0.0 |       0 |      29 |   0.0 |   880
           D:7 |       0 |     471 |   0.0 |       0 |       9 |   0.0 |   145
               +---------+---------+-------+---------+---------+-------+---------
